 Dungeon Crawl Stone Soup version 0.31.0-11-ge490571c62 (webtiles) character file.

Game seed: 2483002552576852374

572 CougarLife the Chopper (level 7, -6/63 HPs)
             Began as a Minotaur Fighter on Jan 30, 2024.
             Mangled by an iguana (8 damage)
             ... on level 4 of the Dungeon.
             The game lasted 00:06:19 (3186 turns).

CougarLife the Chopper (Minotaur Fighter)           Turns: 3186, Time: 00:06:19

Health: -6/63      AC:  8    Str: 22    XL:     7   Next: 12%
Magic:  6/6        EV:  9    Int:  5    God:
Gold:   253        SH:  4    Dex: 10    Spells: 6/6 levels left

rFire   . . .        a - +0 war axe
rCold   . . .        c - +0 buckler
rNeg    . . .        b - +0 scale mail
rPois   .            (helmet restricted)
rElec   .            k - +0 cloak
rCorr   .            (no gloves)
SInv    .            (no boots)
Will    .....        (no amulet) Stlth
                     (no ring)
HPRegen 0.30/turn    (no ring)
MPRegen 0.10/turn

%: no passive effects
@: no status effects
A: horns 2, retaliatory headbutt
a: no special abilities


You were on level 4 of the Dungeon.
You visited 1 branch of the dungeon, and saw 4 of its levels.
You also visited: Ossuary.

You collected 253 gold pieces.

Inventory:

Hand Weapons
 a - a +0 war axe (weapon)
Missiles
 i - 2 boomerangs (quivered)
Armour
 b - a +0 scale mail (worn)
 c - a +0 buckler (worn)
 k - a +0 cloak (worn)
Wands
 g - a wand of light (12)
Scrolls
 f - 4 scrolls of teleportation
 h - a scroll of immolation
 l - 3 scrolls of noise
 m - 2 scrolls of fear
 q - a scroll of butterflies {unknown}
 r - a scroll of torment {unknown}
 s - a scroll of revelation {unknown}
Potions
 d - 2 potions of might
 e - 3 potions of curing
 j - a potion of attraction {unknown}
 n - a potion of enlightenment {unknown}
 o - a potion of heal wounds
 p - 3 potions of brilliance {unknown}
 t - 2 potions of degeneration {unknown}


   Skills:
 + Level 6.2 Fighting
 * Level 7.6 Axes
 - Level 4.0 Armour
 - Level 4.0 Shields


You had 6 spell levels left.
You didn't know any spells.
Your spell library contained the following spells:

 Spells                   Type           Power      Damage    Failure   Level
 Apportation              Tloc           0%         N/A       86%         1
 Jinxbite                 Hex            0%         N/A       94%         2
 Alistair's Intoxication  Alch           0%         N/A       100%        5
 Borgnjor's Vile Clutch   Necr/Erth      0%         N/A       100%        5
 Eringya's Noxious Bog    Alch           0%         4d6       100%        6


Dungeon Overview and Level Annotations

Branches:
Dungeon (4/15)            Ossuary (visited)
 Temple: D:4-7

Altars:
The Shining One

Annotations:
D:4 1 runed translucent door, Grinder; ezpacito's ghost, amateur DsBe


Innate Abilities, Weirdness & Mutations

You have a pair of horns on your head.
You reflexively headbutt those who attack you in melee.


Message History

A goblin is nearby!
The goblin hits you but does no damage.
You slash the goblin!
You kill the goblin!
No target in view!
You see here a +3 leather armour.
Found a stone staircase leading down.
Grinder comes into view.
Grinder shouts!
Grinder blinks!
An iguana comes into view.
You slash Grinder!
Grinder is moderately wounded.
You hit the iguana but do no damage. Grinder barely misses you.
The iguana bites you!
You hit Grinder. You headbutt Grinder.
Grinder is heavily wounded.
You slash the iguana! Grinder hits you.
You writhe in agony.
The iguana closely misses you. You furiously retaliate!
You headbutt the iguana. You slash Grinder!
Grinder is severely wounded.
You closely miss the iguana. Grinder gestures at you.
Pain shoots through your body! The iguana bites you!
You hit Grinder.
Grinder is almost dead.
You barely miss the iguana. You block Grinder's attack. The iguana bites you!
You hit Grinder but do no damage.
Grinder is almost dead.
You hit the iguana. Grinder hits you but does no damage. The iguana bites you!
* * * LOW HITPOINT WARNING * * *
You closely miss Grinder.
Grinder is almost dead.
You hit the iguana but do no damage. Grinder gestures at you.
Pain shoots through your body!
* * * LOW HITPOINT WARNING * * *
The iguana bites you!
You die...

#.(......###
########...# #
#...# +.####
########...#
.#...
...........#
...#
#######....###
#..# #....'..
#l5# ##...###
#.@# #####
#..# #..###
#....## ###
#.##..# #.. #.
##.# ##.# #.
#.### #..# #.
#...# ##.## #.
###.# #..#


You could see Grinder and an iguana.

Vanquished Creatures
  A weeping skull (Ossuary)
  A hound (D:4)
  4 spectral scorpions (Ossuary)
  2 centaur skeletons (Ossuary)
  An ogre skeleton (Ossuary)
  11 mummies
  3 adders
  2 river rats (D:3)
  A ribbon worm (D:3)
  3 dart slugs (D:1)
  5 orcs (D:3)
  7 ball pythons
  5 endoplasms
  4 giant cockroaches
  8 goblins
  4 hobgoblins
  8 jackals
  A quokka (D:2)
  7 bats
  4 frilled lizards
  5 gnoll skeletons (Ossuary)
  4 kobolds (D:1)
  2 kobold zombies (D:4)
  7 rats
  10 spectral rats (Ossuary)
110 creatures vanquished.

Notes
Turn   | Place    | Note
-------+----------+-------------------------------------------
     0 | D:1      | CougarLife the Minotaur Fighter began the quest for the
                  | Orb.
     0 | D:1      | Reached XP level 1. HP: 19/19 MP: 0/0
    55 | D:1      | Reached XP level 2. HP: 22/26 MP: 1/1
   252 | D:1      | Reached skill level 3 in Axes
   400 | D:1      | Reached XP level 3. HP: 33/33 MP: 2/2
   735 | D:2      | Found a faded altar of an unknown god.
  1035 | D:2      | Reached skill level 4 in Axes
  1234 | D:3      | Reached XP level 4. HP: 35/41 MP: 3/3
  1270 | D:3      | Found a glowing golden altar of the Shining One.
  2143 | D:4      | Reached skill level 5 in Axes
  2143 | D:4      | Reached XP level 5. HP: 47/47 MP: 4/4
  2206 | D:4      | Found a sand-covered staircase.
  2236 | Ossuary  | Entered an ossuary
  2242 | Ossuary  | Reached skill level 5 in Fighting
  2363 | Ossuary  | Reached skill level 6 in Axes
  2377 | Ossuary  | Reached XP level 6. HP: 56/56 MP: 5/5
  2644 | Ossuary  | Reached skill level 7 in Axes
  2758 | Ossuary  | Reached XP level 7. HP: 45/63 MP: 6/6
  3075 | D:4      | Noticed ezpacito's ghost (amateur DsBe)
  3083 | D:4      | Found a runed translucent door.
  3177 | D:4      | Noticed Grinder
  3186 | D:4      | HP: 2/63 [Grinder/nerve-wracking pain (12)]
  3186 | D:4      | Mangled by an iguana

Illustrated notes

Levels and vault maps discovered:
D:1:      lemuel_arrival_broad_hall, layout_basic
D:2:      layout_rooms, basic_ecumenical_altar, nrook_campfire, chequers_avenue
D:3:      layout_loops_ring, mainiacjoe_overflow_cross_hatched,
          portal_sewer_entry_e, minmay_quadrilaterals
D:4:      layout_basic, hellmonk_ghost_happy_afterlife,
          nicolae_ossuary_entry_giza, minmay_misc_feat_alley, uniq_pikel,
          uniq_grinder

Skill      XL: |  1  2  3  4  5  6 |
---------------+-------------------+-----
Armour         | 4 |  4.0
Shields        | 4 |  4.0
Axes           | 3 4 5 6 7 |  7.6
Fighting       | 4 5 6 |  6.2

Action                     |  1- 3 |  4- 6 |  7- 9 || total
---------------------------+-------+-------+-------++-------
  Melee: War axe           |    73 |   160 |    22 ||   255
         Headbutt          |    12 |    30 |     6 ||    48
    Use: Scroll            |       |     7 |     1 ||     8
 Armour: Scale mail        |    48 |   102 |    13 ||   163
  Dodge: Dodged            |    36 |    69 |     4 ||   109
  Block: Buckler           |    11 |    30 |     3 ||    44
